 Dungeon Crawl Stone Soup version 0.29.0-4-gdea44cf6ec (webtiles) character file.

Game seed: 3785371505953126254

13745 qw the Brawler (level 11, -2/107 HPs)
             Began as a Troll Cinder Acolyte on Aug 31, 2022.
             Was an Initiate of Okawaru.
             Slain by a fire elemental (12 damage)
             ... created by the fiery vengeance of Ignis
             ... on level 1 of the Lair of Beasts.
             The game lasted 00:05:19 (9665 turns).

qw the Brawler (Troll Cinder Acolyte)               Turns: 9665, Time: 00:05:20

Health: -2/107     AC: 10    Str: 28    XL:     11   Next: 79%
Magic:  11/11      EV:  9    Int: 10    God:    Okawaru [......]
Gold:   543        SH:  0    Dex:  5    Spells: 12/12 levels left

rFire   . . .      SeeInvis +     - Unarmed
rCold   . . .      Faith    .   (no shield)
rNeg    . . .      Spirit   .   n - +1 robe of Gluttony {SInv}
rPois   +          Reflect  .   (helmet restricted)
rElec   .          Harm     .   m - +0 cloak
rCorr   .          Rampage  .   (gloves unavailable)
Will    .....                   (boots unavailable)
Stlth   +.........              g - amulet of regeneration
HPRegen 1.87/turn               a - ring of poison resistance
MPRegen 0.12/turn               A - +4 ring of protection

@: fire susceptible
A: large, unfitting armour, claws 3, regeneration 1, shaggy fur 1, tough skin 1
a: Renounce Religion


You were on level 1 of the Lair of Beasts.
You worshipped Okawaru.
Okawaru was noncommittal.
You visited 3 branches of the dungeon, and saw 11 of its levels.
You also visited: Sewer.

You collected 633 gold pieces.
You spent 90 gold pieces at shops.


Innate Abilities, Weirdness & Mutations

You are too large for most types of armour.
You have claws for hands.
Your natural rate of healing is unusually fast.
You are covered in fur. (AC +1)
You have tough skin. (AC +1)


   Skills:
 + Level 6.8 Fighting
 - Level 6.0 Throwing
 - Level 1.4 Armour
 - Level 1.9 Dodging
 - Level 16.0 Unarmed Combat
 - Level 1.0 Spellcasting
 - Level 2.1 Fire Magic


You had 12 spell levels left.
You didn't know any spells.
Your spell library contained the following spells:

 Spells                   Type           Power      Damage    Failure   Level
 Scorch                   Fire           8%         2d5       22%         2

Inventory:

Missiles
 p - 5 silver javelins (quivered)
 s - 2 boomerangs
Armour
 m - a +0 cloak (worn)
 n - the +1 robe of Gluttony (worn) {SInv}
   (You found it in a sewer)

   SInv:      It lets you see invisible.
 z - +0 acid dragon scales
Jewellery
 a - a ring of poison resistance (left claw)
 g - an amulet of regeneration (around neck)
 r - a ring of resist corrosion
 w - a ring of positive energy
 x - a ring of willpower
 A - a +4 ring of protection (right claw)
Wands
 v - a wand of digging (8)
Scrolls
 f - 2 scrolls of enchant weapon
 l - a scroll of identify
Potions
 b - a potion of brilliance {unknown}
 c - a potion of mutation
 e - a potion of cancellation
 h - 5 potions of curing
 i - a potion of might
 k - a potion of resistance
 o - a potion of magic {unknown}
 q - a potion of attraction {unknown}
 u - a potion of flight {unknown}

Dungeon Overview and Level Annotations

Branches:
Dungeon (9/15)             Temple (1/1) D:6            Lair (1/5) D:9
  Sewer (visited)
    Orc: D:9-12

Altars:
Ashenzari
Cheibriados
Dithmenos
Elyvilon
Fedhas
Gozag
Hepliaklqana
Kikubaaqudgha
Makhleb
Nemelex Xobeh
Okawaru
Qazlal
Ru
Sif Muna
Trog
Uskayaw
Vehumet
Wu Jian
Xom
Yredelemnul
Zin
The Shining One


Message History

Throw: large rock
Press: ? - help, Q - select action, (/) - cycle Shift-Dir - straight line, f - fire elemental You throw a large rock.
The large rock barely misses the fire elemental.
The large rock hits the plant!!
The plant begins to die.
The plant is lightly damaged.
You hear a splash.
You barely miss the fire elemental. The fire elemental hits you.
The fire elemental burns you! The fire elemental closely misses you.
You scratch the fire elemental.
The fire elemental is lightly damaged.
The fire elemental hits you. The fire elemental burns you!
The fire elemental closely misses you.
You closely miss the fire elemental.
The fire elemental is lightly damaged.
The fire elemental hits you. The fire elemental burns you!
You scratch the fire elemental.
The fire elemental is lightly damaged.
A nearby plant withers and dies.
The fire elemental hits you. The fire elemental burns you!
You mangle the fire elemental!!
The fire elemental is severely damaged.
The fire elemental closely misses you. The fire elemental hits you.
The fire elemental burns you!
You eviscerate the fire elemental!!!
You destroy the fire elemental!
That felt strangely unrewarding.
The fire elemental hits you. The fire elemental burns you!
You barely miss the fire elemental. The fire elemental closely misses you.
The fire elemental hits you. The fire elemental burns you!
You mangle the fire elemental!!
The fire elemental is almost destroyed.
The fire elemental hits you. The fire elemental burns you!
The fire elemental hits you. The fire elemental burns you!
You closely miss the fire elemental.
The fire elemental is almost destroyed.
The fire elemental hits you. The fire elemental burns you!
You die...

##~~~~~~~P~~~# #P~P~PP~~~~P~#
#~(P~~~..~~~~## # ####
####~~P~~....~PP### # #..#
#.................# # ##.##
#.................. # #..#
#00.(...#.####...## # #..##
##E#E......# #####. # ##..#
#..@#%.##..####.#### # ##.##
##.###.###......~### # #...# #.#
#.......~~~~~.# # ##.## #.#
#P#.#...~~~~~.. ## #.## #!#
###....~~~~~~..
.#######..#####.#####....~~~~~.>.
........................(~~~~~~..
P#########.#######........~~~~~~.
## #..# #........~~~~~~.


You could see 2 fire elementals.

Vanquished Creatures
  A hydra (Lair:1)
  A catoblepas (D:8)
  A centaur warrior (D:8)
  4 two-headed ogres
  Pikel (D:7)
  A cyclops (D:8)
  Maurice (D:9)
  2 cane toads (Lair:1)
  A gargoyle (D:8)
  3 komodo dragons
  A troll (D:8)
  2 hornets (D:9)
  3 blink frogs (Lair:1)
  2 wyverns (D:9)
  A wraith (D:9)
  2 vampires
  2 vampire mosquitoes (D:6)
  11 fire elementals (Lair:1)
  2 steam dragons
  2 acid dragons (D:9)
  2 water moccasins
  2 orc warriors (D:9)
  2 ice beasts (D:5)
  A sky beast (D:6)
  A black bear (D:7)
  2 ogres
  4 centaurs
  A lemure (D:7)
  3 kobold brigands
  11 bullfrogs
  3 scorpions
  A gnoll sergeant (D:8)
  16 wights
  3 killer bees (D:9)
  3 howler monkeys (D:9)
  An electric eel (Lair:1)
  4 hounds
  A jelly (D:4)
  A gnoll bouda (D:7)
  An orc priest (D:6)
  3 orc wizards
  4 hell rats (Lair:1)
  8 gnolls
  13 adders
  A river rat (D:4)
  A shadow imp (D:6)
  A white imp (D:8)
  2 ufetubi
  4 worms
  A dart slug (D:4)
  17 orcs
  3 bats
  7 endoplasms
  11 giant cockroaches
  11 goblins
  5 hobgoblins
  3 jackals
  20 kobolds
  8 quokkas
  5 ball pythons
  11 frilled lizards
  7 rats
253 creatures vanquished.

Vanquished Creatures (others)
  An orc (D:5)
  2 fungi (Lair:1)
  41 plants
44 creatures vanquished.

Grand Total: 297 creatures vanquished

Notes
Turn   | Place    | Note
-------+----------+-------------------------------------------
     0 | D:1      | qw the Troll Cinder Acolyte began the quest for the Orb.
     0 | D:1      | Reached XP level 1. HP: 22/22 MP: 1/1
     0 | D:1      | 0 ||| qw: Version: 0.1-a-97-g2dd2ca4
     0 | D:1      | 0 ||| qw: Game counter: 4533
     0 | D:1      | 0 ||| qw: Always use a shield: true
     0 | D:1      | 0 ||| qw: God list: Okawaru
     0 | D:1      | 0 ||| qw: Allow faded altars: false
     0 | D:1      | 0 ||| qw: Do Orc after D:15 true
     0 | D:1      | 0 ||| qw: Do second Lair branch before Depths: true
     0 | D:1      | 0 ||| qw: Lair rune preference: random
     0 | D:1      | 0 ||| qw: Plans: Normal
     0 | D:1      | 0 ||| PLANNING D:1-11
   273 | D:1      | 273 ||| Stepping ~*~*~tactically~*~*~ (stealth).
   278 | D:1      | Reached XP level 2. HP: 29/29 MP: 2/2
   379 | D:1      | Found a faded altar of an unknown god.
   693 | D:1      | 693 ||| UPGRADING to ring of positive energy.
   694 | D:1      | 694 ||| READING scroll labelled WIH UGROBLOPN.
   695 | D:1      | 695 ||| READING scroll labelled KERINO NUWOW XEYW.
   754 | D:2      | Reached skill level 4 in Unarmed Combat
   917 | D:2      | Reached XP level 3. HP: 21/36 MP: 3/3
   919 | D:2      | 919 ||| INVOKING Fiery Armour.
  1511 | D:2      | 1511 ||| UPGRADING to amulet of regeneration.
  1516 | D:2      | 1516 ||| UPGRADING to ring of willpower.
  1517 | D:2      | 1517 ||| READING scroll labelled ROEXZI IXIAFUFF.
  1517 | D:2      | Identified a scroll of acquirement
  1517 | D:2      | 1517 ||| ACQUIRING +0 robe of Generosity {rN+ Regen+ rCorr}
  1517 | D:2      | Acquired the +0 robe of Generosity {rN+ Regen+ rCorr}
  1519 | D:2      | 1519 ||| UPGRADING to +0 robe of Generosity {rN+ Regen+
                  | rCorr}.
  1529 | D:2      | 1529 ||| DROPPING +0 robe.
  1541 | D:3      | 1541 ||| STAIRDANCE
  1596 | D:3      | 1596 ||| Stepping ~*~*~tactically~*~*~ (stealth).
  1604 | D:3      | 1604 ||| Stepping ~*~*~tactically~*~*~ (stealth).
  1605 | D:3      | 1605 ||| Stepping ~*~*~tactically~*~*~ (stealth).
  1686 | D:3      | Noticed a centaur
  1688 | D:3      | 1688 ||| Stepping ~*~*~tactically~*~*~ (hiding).
  1695 | D:3      | Killed a centaur
  1696 | D:3      | Reached skill level 5 in Unarmed Combat
  1696 | D:3      | Reached XP level 4. HP: 36/44 MP: 4/4
  1696 | D:3      | Reached XP level 5. HP: 41/50 MP: 5/5
  1723 | D:3      | Found a sparkling altar of Nemelex Xobeh.
  1792 | D:3      | 1792 ||| Stepping ~*~*~tactically~*~*~ (stealth).
  1800 | D:3      | 1800 ||| Stepping ~*~*~tactically~*~*~ (stealth).
  1827 | D:3      | 1827 ||| Stepping ~*~*~tactically~*~*~ (stealth).
  1858 | D:3      | 1858 ||| Stepping ~*~*~tactically~*~*~ (stealth).
  1865 | D:3      | 1865 ||| Stepping ~*~*~tactically~*~*~ (stealth).
  1871 | D:3      | 1871 ||| Stepping ~*~*~tactically~*~*~ (stealth).
  1879 | D:3      | 1879 ||| Stepping ~*~*~tactically~*~*~ (stealth).
  1882 | D:3      | 1882 ||| Stepping ~*~*~tactically~*~*~ (stealth).
  1892 | D:3      | Reached skill level 6 in Unarmed Combat
  2197 | D:3      | 2197 ||| DROPPING scarf of invisibility.
  2198 | D:3      | 2198 ||| DROPPING orb of wrath.
  2199 | D:3      | 2199 ||| READING scroll labelled DASTID JOAFF.
  2200 | D:3      | 2200 ||| DRINKING 2 yellow potions.
  2219 | D:4      | 2219 ||| PLANNING SEWER
  2225 | D:4      | 2225 ||| Stepping ~*~*~tactically~*~*~ (hiding).
  2555 | D:4      | Found a glowing drain.
  2565 | D:4      | 2565 ||| DRINKING 3 bubbling ruby potions.
  2566 | D:4      | 2566 ||| DROPPING 2 potions of invisibility.
  2572 | Sewer    | Entered a sewer
  2624 | Sewer    | Reached XP level 6. HP: 59/59 MP: 6/6
  2791 | Sewer    | Reached skill level 7 in Unarmed Combat
  2845 | Sewer    | Identified the +1 robe of Gluttony {SInv}
  3036 | Sewer    | 3036 ||| UPGRADING to +1 robe of Gluttony {SInv}.
  3046 | Sewer    | 3046 ||| READING scroll labelled BIOTHIROCO.
  3047 | Sewer    | 3047 ||| READING scroll labelled DETASUIMAQ.
  3067 | D:4      | 3067 ||| PLANNING D:1-11
  3143 | D:4      | Reached skill level 8 in Unarmed Combat
  3239 | D:4      | 3239 ||| Stepping ~*~*~tactically~*~*~ (hiding).
  3240 | D:4      | 3240 ||| Stepping ~*~*~tactically~*~*~ (hiding).
  3241 | D:4      | 3241 ||| Stepping ~*~*~tactically~*~*~ (hiding).
  3360 | D:4      | 3360 ||| Stepping ~*~*~tactically~*~*~ (stealth).
  3362 | D:4      | Noticed a water moccasin
  3365 | D:4      | 3365 ||| Stepping ~*~*~tactically~*~*~ (outnumbered).
  3376 | D:4      | Reached XP level 7. HP: 53/66 MP: 7/7
  3379 | D:4      | Reached skill level 3 in Fighting
  3380 | D:4      | 3380 ||| INVOKING Fiery Armour.
  3382 | D:4      | HP: 16/67 [poisoned by a water moccasin]
  3387 | D:4      | HP: 14/67 [poisoned by a water moccasin]
  3725 | D:4      | 3725 ||| UPGRADING to ring of poison resistance.
  3727 | D:4      | 3727 ||| READING scroll labelled ZIRGHASA KUDGH.
  3728 | D:4      | 3728 ||| READING 3 scrolls labelled LUEMIH UDEMYPT.
  3729 | D:4      | 3729 ||| READING scroll labelled RAQOUR CEQA.
  3730 | D:4      | 3730 ||| DROPPING 2 scrolls of poison.
  3737 | D:5      | Entered Level 5 of the Dungeon
  3739 | D:5      | 3739 ||| STAIRDANCE
  3748 | D:5      | 3748 ||| STAIRDANCE
  3750 | D:4      | 3750 ||| Stepping ~*~*~tactically~*~*~ (outnumbered).
  3751 | D:4      | 3751 ||| Stepping ~*~*~tactically~*~*~ (outnumbered).
  3768 | D:5      | 3768 ||| STAIRDANCE
  3781 | D:5      | Reached skill level 1 in Throwing
  3852 | D:5      | Reached skill level 9 in Unarmed Combat
  4041 | D:5      | Reached XP level 8. HP: 75/75 MP: 8/8
  4067 | D:5      | Reached skill level 3 in Throwing
  4159 | D:5      | 4159 ||| Stepping ~*~*~tactically~*~*~ (stealth).
  4169 | D:5      | Found a radiant altar of Vehumet.
  4244 | D:5      | Found a burning altar of Makhleb.
  4366 | D:5      | Reached skill level 1 in Dodging
  4510 | D:5      | 4510 ||| READING scroll labelled ECUXIF LILICO.
  4511 | D:5      | 4511 ||| READING scroll labelled ICE YHEFUOTAUN.
  4512 | D:5      | 4512 ||| DRINKING 2 lumpy sapphire potions.
  4513 | D:5      | 4513 ||| READING 3 scrolls of identify.
  4513 | D:5      | 4513 ||| IDENTIFYING red potion
  4514 | D:5      | 4514 ||| READING 2 scrolls of identify.
  4514 | D:5      | 4514 ||| IDENTIFYING inky potion
  4515 | D:5      | 4515 ||| DROPPING potion of degeneration.
  4534 | D:6      | Found a basalt altar of Yredelemnul.
  4682 | D:6      | 4682 ||| Stepping ~*~*~tactically~*~*~ (stealth).
  4689 | D:6      | Reached skill level 10 in Unarmed Combat
  4694 | D:6      | 4694 ||| INVOKING Fiery Armour.
  4777 | D:6      | 4777 ||| Stepping ~*~*~tactically~*~*~ (stealth).
  4779 | D:6      | 4779 ||| Stepping ~*~*~tactically~*~*~ (stealth).
  4794 | D:6      | 4794 ||| Stepping ~*~*~tactically~*~*~ (stealth).
  4796 | D:6      | 4796 ||| Stepping ~*~*~tactically~*~*~ (stealth).
  4799 | D:6      | 4799 ||| Stepping ~*~*~tactically~*~*~ (outnumbered).
  4801 | D:6      | 4801 ||| Stepping ~*~*~tactically~*~*~ (outnumbered).
  4802 | D:6      | 4802 ||| Stepping ~*~*~tactically~*~*~ (outnumbered).
  4839 | D:6      | 4839 ||| Stepping ~*~*~tactically~*~*~ (hiding).
  4986 | D:6      | Found a staircase to the Ecumenical Temple.
  5071 | D:6      | 5071 ||| Stepping ~*~*~tactically~*~*~ (outnumbered).
  5118 | D:6      | Reached XP level 9. HP: 81/84 MP: 9/9
  5334 | D:6      | 5334 ||| Stepping ~*~*~tactically~*~*~ (hiding).
  5336 | D:6      | 5336 ||| Stepping ~*~*~tactically~*~*~ (hiding).
  5375 | D:6      | 5375 ||| Stepping ~*~*~tactically~*~*~ (stealth).
  5592 | D:6      | 5592 ||| READING scroll labelled USIBYD MA CEF MUA.
  5593 | D:6      | 5593 ||| DRINKING 2 glowing purple potions.
  5633 | D:6      | 5633 ||| READING 3 scrolls of identify.
  5633 | D:6      | 5633 ||| IDENTIFYING clear potion
  5634 | D:6      | 5634 ||| READING 2 scrolls of identify.
  5634 | D:6      | 5634 ||| IDENTIFYING amethyst potion
  5635 | D:6      | 5635 ||| DROPPING potion of lignification.
  5659 | D:7      | Reached skill level 11 in Unarmed Combat
  5962 | D:7      | 5962 ||| Stepping ~*~*~tactically~*~*~ (stealth).
  5965 | D:7      | 5965 ||| Stepping ~*~*~tactically~*~*~ (outnumbered).
  5967 | D:7      | 5967 ||| Stepping ~*~*~tactically~*~*~ (stealth).
  5974 | D:7      | Noticed Pikel
  5975 | D:7      | 5975 ||| Stepping ~*~*~tactically~*~*~ (hiding).
  5978 | D:7      | 5978 ||| Stepping ~*~*~tactically~*~*~ (hiding).
  5988 | D:7      | Killed Pikel
  5989 | D:7      | Reached skill level 12 in Unarmed Combat
  6209 | D:7      | Noticed a two-headed ogre
  6215 | D:7      | 6215 ||| INVOKING Fiery Armour.
  6216 | D:7      | Killed a two-headed ogre
  6380 | D:8      | Reached XP level 10. HP: 94/98 MP: 10/10
  6381 | D:8      | 6381 ||| Stepping ~*~*~tactically~*~*~ (outnumbered).
  6382 | D:8      | 6382 ||| Stepping ~*~*~tactically~*~*~ (outnumbered).
  6383 | D:8      | 6383 ||| STAIRDANCE
  6399 | D:8      | 6399 ||| STAIRDANCE
  6428 | D:8      | Noticed a catoblepas
  6429 | D:8      | 6429 ||| INVOKING Fiery Armour.
  6431 | D:8      | 6431 ||| Stepping ~*~*~tactically~*~*~ (cloud).
  6432 | D:8      | 6432 ||| Stepping ~*~*~tactically~*~*~ (cloud).
  6433 | D:8      | 6433 ||| Stepping ~*~*~tactically~*~*~ (cloud).
  6436 | D:8      | 6436 ||| Stepping ~*~*~tactically~*~*~ (cloud).
  6443 | D:8      | 6443 ||| Stepping ~*~*~tactically~*~*~ (cloud).
  6444 | D:8      | Killed a catoblepas
  6578 | D:8      | 6578 ||| STAIRDANCE
  6605 | D:8      | 6605 ||| Stepping ~*~*~tactically~*~*~ (outnumbered).
  6606 | D:8      | 6606 ||| Stepping ~*~*~tactically~*~*~ (outnumbered).
  6658 | D:8      | Noticed a two-headed ogre
  6665 | D:8      | 6665 ||| INVOKING Fiery Armour.
  6667 | D:8      | Killed a two-headed ogre
  6668 | D:8      | Reached skill level 13 in Unarmed Combat
  6719 | D:8      | Noticed a centaur warrior
  6721 | D:8      | Noticed a cyclops
  6728 | D:8      | Killed a centaur warrior
  6729 | D:8      | 6729 ||| FLEEEEING.
  6730 | D:8      | 6730 ||| FLEEEEING.
  6731 | D:8      | 6731 ||| FLEEEEING.
  6732 | D:8      | 6732 ||| FLEEEEING.
  6733 | D:8      | 6733 ||| FLEEEEING.
  6734 | D:8      | 6734 ||| FLEEEEING.
  6735 | D:8      | 6735 ||| FLEEEEING.
  6736 | D:8      | 6736 ||| FLEEEEING.
  6747 | D:8      | 6747 ||| FLEEEEING.
  6772 | D:8      | Noticed a gargoyle
  6773 | D:8      | 6773 ||| Stepping ~*~*~tactically~*~*~ (hiding).
  6780 | D:8      | Killed a gargoyle
  6781 | D:8      | Reached skill level 14 in Unarmed Combat
  6783 | D:8      | 6783 ||| INVOKING Fiery Armour.
  6785 | D:8      | HP: 21/98 [cyclops (15)]
  6787 | D:8      | Killed a cyclops
  6788 | D:8      | Reached skill level 6 in Fighting
  6910 | D:8      | 6910 ||| Stepping ~*~*~tactically~*~*~ (stealth).
  6911 | D:8      | 6911 ||| Stepping ~*~*~tactically~*~*~ (stealth).
  6930 | D:8      | 6930 ||| Stepping ~*~*~tactically~*~*~ (stealth).
  6931 | D:8      | 6931 ||| Stepping ~*~*~tactically~*~*~ (stealth).
  6932 | D:8      | 6932 ||| Stepping ~*~*~tactically~*~*~ (stealth).
  6933 | D:8      | 6933 ||| Stepping ~*~*~tactically~*~*~ (stealth).
  6944 | D:8      | Noticed a two-headed ogre
  6945 | D:8      | 6945 ||| Stepping ~*~*~tactically~*~*~ (stealth).
  6946 | D:8      | 6946 ||| Stepping ~*~*~tactically~*~*~ (stealth).
  6956 | D:8      | 6956 ||| Stepping ~*~*~tactically~*~*~ (stealth).
  6968 | D:8      | 6968 ||| INVOKING Fiery Armour.
  6969 | D:8      | HP: 5/95 [two-headed ogre/+0 giant spiked club (25)]
  6970 | D:8      | Killed a two-headed ogre
  6971 | D:8      | Reached XP level 11. HP: 6/105 MP: 11/11
  7053 | D:8      | 7053 ||| Stepping ~*~*~tactically~*~*~ (stealth).
  7055 | D:8      | 7055 ||| Stepping ~*~*~tactically~*~*~ (hiding).
  7056 | D:8      | 7056 ||| Stepping ~*~*~tactically~*~*~ (hiding).
  7068 | D:8      | 7068 ||| Stepping ~*~*~tactically~*~*~ (stealth).
  7069 | D:8      | 7069 ||| Stepping ~*~*~tactically~*~*~ (outnumbered).
  7070 | D:8      | 7070 ||| Stepping ~*~*~tactically~*~*~ (outnumbered).
  7071 | D:8      | 7071 ||| Stepping ~*~*~tactically~*~*~ (outnumbered).
  7073 | D:8      | 7073 ||| Stepping ~*~*~tactically~*~*~ (outnumbered).
  7195 | D:8      | Found a broken altar of Ashenzari.
  7317 | D:8      | Found a blossoming altar of Fedhas.
  7358 | D:8      | 7358 ||| Stepping ~*~*~tactically~*~*~ (stealth).
  7360 | D:8      | 7360 ||| Stepping ~*~*~tactically~*~*~ (hiding).
  7377 | D:8      | 7377 ||| Stepping ~*~*~tactically~*~*~ (stealth).
  7382 | D:8      | Found an ancient bone altar of Kikubaaqudgha.
  7560 | D:8      | 7560 ||| Stepping ~*~*~tactically~*~*~ (outnumbered).
  7561 | D:8      | 7561 ||| Stepping ~*~*~tactically~*~*~ (outnumbered).
  7612 | D:8      | 7612 ||| READING scroll labelled MATYNEYGGU.
  7685 | D:9      | 7685 ||| INVOKING Fiery Armour.
  7692 | D:9      | HP: 25/103 [kobold brigand/+0 dagger (1)]
  7694 | D:9      | Reached skill level 6 in Throwing
  7772 | D:9      | Noticed Maurice
  7785 | D:9      | Killed Maurice
  7873 | D:9      | Found a staircase to the Lair.
  7887 | D:9      | 7887 ||| INVOKING Fiery Armour.
  8050 | D:9      | Found Zin's Purification Station.
  8053 | D:9      | Found a glowing silver altar of Zin.
  8058 | D:9      | 8058 ||| BUYING potion of curing (90 gold).
  8058 | D:9      | Bought a potion of curing for 90 gold pieces
  8225 | D:9      | Noticed a two-headed ogre
  8226 | D:9      | 8226 ||| INVOKING Fiery Armour.
  8239 | D:9      | 8239 ||| Stepping ~*~*~tactically~*~*~ (outnumbered).
  8240 | D:9      | 8240 ||| Stepping ~*~*~tactically~*~*~ (stealth).
  8247 | D:9      | Reached skill level 15 in Unarmed Combat
  8254 | D:9      | HP: 7/105 [two-headed ogre/+0 giant spiked club (22)]
  8256 | D:9      | Killed a two-headed ogre
  8412 | D:9      | 8412 ||| PLANNING LAIR
  8412 | D:9      | 8412 ||| DROPPING +0 robe of Generosity {rN+ Regen+ rCorr}.
  8413 | D:9      | 8413 ||| UPGRADING to +0 cloak.
  8418 | D:9      | 8418 ||| DROPPING ring of positive energy.
  8419 | D:9      | 8419 ||| DROPPING ring of magical power.
  8420 | D:9      | 8420 ||| UPGRADING to +4 ring of protection.
  8422 | D:9      | 8422 ||| READING 2 scrolls labelled PUAREO MODEHI.
  8423 | D:9      | 8423 ||| DROPPING scroll of amnesia.
  8454 | Lair:1   | Entered Level 1 of the Lair of Beasts
  8470 | Lair:1   | 8470 ||| Stepping ~*~*~tactically~*~*~ (stealth).
  8472 | Lair:1   | 8472 ||| Stepping ~*~*~tactically~*~*~ (stealth).
  8473 | Lair:1   | 8473 ||| INVOKING Fiery Armour.
  8475 | Lair:1   | 8475 ||| Stepping ~*~*~tactically~*~*~ (stealth).
  8479 | Lair:1   | Reached skill level 1 in Armour
  8516 | Lair:1   | 8516 ||| PLANNING TEMPLE
  8642 | Temple   | Entered the Ecumenical Temple
  8693 | Temple   | 8693 ||| PLANNING CONVERSION TO OKAWARU
  8699 | Temple   | Fell from the grace of Ignis
  8699 | Temple   | Became a worshipper of Warmaster Okawaru
  8700 | Temple   | 8700 ||| PLANNING LAIR
  9266 | Lair:1   | Reached skill level 16 in Unarmed Combat
  9628 | Lair:1   | Noticed an eight-headed hydra
  9635 | Lair:1   | Killed a 13-headed hydra
  9639 | Lair:1   | 9639 ||| DRINKING 6 potions of curing.
  9639 | Lair:1   | 9639 ||| (to cure confusion)
  9655 | Lair:1   | 9655 ||| Stepping ~*~*~tactically~*~*~ (outnumbered).
  9664 | Lair:1   | HP: 17/107 [fire elemental[the fiery vengeance of Ignis]
                  | (12)]
  9665 | Lair:1   | Slain by a fire elemental

Levels and vault maps discovered:
D:1:      psy_arrival_heroes, layout_basic, dilly_ecumenical_altar_fadedgnrine
D:2:      layout_basic
D:3:      minmay_octagon_keep, layout_rooms, nemelex_dance_club_becter
D:4:      layout_basic, gup_sewer_entry_bubbles
D:5:      layout_loops_cross, kennysheep_mini, nicolae_vehumet_radiance,
          kennysheep_generic_room_13
D:6:      layout_basic, mainiacjoe_overflow_concentric_impassable,
          temple_doors_e
D:7:      layout_basic, uniq_pikel
D:8:      minmay_diamond_stairs, layout_loops_ring, kiku_gazebo_pond_becter,
          kennysheep_mini_moat, mainiacjoe_overflow_cross_hatched,
          grunt_ministairs_5
D:9:      layout_irregular_city, zin_purify, david_lair_shrubbed,
          minmay_circle_x, uniq_maurice
Temple:   jpeg_temple_clearing
Lair:1:   layout_small_grid, grunt_megastairs_2, serial_bayou_shore_a,
          infiniplex_staircase_pool

Skill      XL: |  1  2  3  4  5  6  7  8  9 10 11 |
---------------+----------------------------------+-----
Unarmed Combat | 4 5 6 8 9 10 12 14 16 | 16.0
Fighting       | 3 4 5 6 |  6.8
Throwing       | 1 3 5 6 |  6.0
Dodging        | 1 |  1.9
Armour         | 1 |  1.4
Spellcasting   | |  1.0
Fire Magic     | |  2.1

Action                   |  1- 3 |  4- 6 |  7- 9 | 10-12 || total
-------------------------+-------+-------+-------+-------++-------
Melee: Unarmed           |   121 |   160 |   169 |   269 ||   719
       Punch             |       |     2 |     6 |    14 ||    22
Throw: Javelin           |       |       |    39 |    11 ||    50
       Boomerang         |       |       |     4 |       ||     4
       Large rock        |       |       |       |    21 ||    21
Invok: Fiery Armour      |     1 |       |     3 |     8 ||    12
  Use: Scroll            |     3 |     3 |    10 |     2 ||    18
       Potion            |       |     2 |     2 |     1 ||     5
Armor: Robe              |    53 |    30 |    69 |    95 ||   247
Dodge: Dodged            |    46 |    48 |    66 |    99 ||   259

Table legend:
 A = Non-vault XP
 B = Vault XP
 C = Vault XP percentage of total XP
 D = Non-vault monster count
 E = Vault monster count
 F = Vault count percentage of total count
                 A         B        C        D         E       F
            +---------+---------+-------+---------+---------+-------
      Total |   11685 |    7952 |  40.5 |     176 |      65 |  27.0
            +---------+---------+-------+---------+---------+-------
        D:1 |      25 |       0 |   0.0 |      16 |       0 |   0.0
        D:2 |      35 |       0 |   0.0 |      12 |       0 |   0.0
        D:3 |     173 |      39 |  18.4 |      18 |      14 |  43.8
        D:4 |     602 |      35 |   5.5 |      16 |       6 |  27.3
        D:5 |     626 |      14 |   2.2 |      11 |       1 |   8.3
        D:6 |    1292 |       0 |   0.0 |      25 |       0 |   0.0
        D:7 |    1875 |     663 |  26.1 |      23 |       1 |   4.2
        D:8 |    1891 |    4181 |  68.9 |      22 |      11 |  33.3
        D:9 |    1420 |    2773 |  66.1 |      16 |       9 |  36.0
     Lair:1 |    3746 |       0 |   0.0 |      17 |       0 |   0.0
      Sewer |       0 |     247 | 100.0 |       0 |      23 | 100.0
            +---------+---------+-------+---------+---------+-------
